 Dungeon Crawl Stone Soup version 0.29-a0-234-g0dae59b3db (webtiles) character file.

Game seed: 10018458842583249064

12 sammy202020 the Skirmisher (level 2, 16/24 HPs)
             Began as a Demonspawn Berserker on Mar 2, 2022.
             Was a Follower of Trog.
             Quit the game on level 1 of the Dungeon.
             The game lasted 00:00:37 (109 turns).

sammy202020 the Skirmisher (Demonspawn Berserker)    Turns: 109, Time: 00:00:37

Health: 16/24      AC:  2    Str: 17    XL:     2   Next: 20%
Magic:  2/2        EV: 12    Int:  8    God:    Trog [*.....]
Gold:   8          SH:  0    Dex: 12    Spells: 1/1 levels left

rFire   . . .      SeeInvis .   a - +0 mace
rCold   . . .      Faith    .   (no shield)
rNeg    . . .      Spirit   .   b - +0 animal skin
rPois   .          Reflect  .   (no helmet)
rElec   .          Harm     .   (no cloak)
rCorr   .          Rampage  .   (no gloves)
Will    .....                   (no boots)
Stlth   +.........              (no amulet)
HPRegen 0.08/turn               (no ring)
MPRegen 0.16/turn               (no ring)

@: on berserk cooldown
A: magic regeneration
a: Renounce Religion, Berserk


You were on level 1 of the Dungeon.
You worshipped Trog.
Trog was aware of your devotion.
You visited 1 branch of the dungeon, and saw 1 of its levels.

You collected 8 gold pieces.

Inventory:

Hand Weapons
 a - a +0 mace (weapon)
Armour
 b - a +0 animal skin (worn)
Jewellery
 c - a ring of magical power
Scrolls
 d - a scroll of acquirement {unknown}


   Skills:
 + Level 3.2 Fighting
 + Level 2.9 Maces & Flails
 + Level 2.0 Armour
 + Level 2.0 Dodging


You had one spell level left.
You didn't know any spells.
Your spell library was empty.

Dungeon Overview and Level Annotations

Branches:
Dungeon (1/15)

Altars:


Innate Abilities, Weirdness & Mutations

You regenerate magic rapidly.


Message History

Trog accepts your kill. The jackal barely misses you.
The goblin closely misses you.
Your Armour skill increases to level 2!
Your Dodging skill increases to level 2!
You have reached level 2!
Your demonic ancestry asserts itself...
Your magic begins to regenerate rapidly.
You sock the jackal!
You kill the jackal!
Trog accepts your kill. The jackal bites you.
The goblin hits you with a +0 dagger. The jackal closely misses you.
You sock the jackal!
You feel the power of Trog in you as your rage grows.
You kill the jackal!
Trog accepts your kill. The goblin barely misses you.
You thump the goblin!
You kill the goblin!
Trog accepts your kill.
Things that are here:
a +0 dagger; a goblin corpse You feel a strong urge to attack something.
You see here a jackal corpse.
You feel your anger nearly subside.
You are no longer berserk.
You are exhausted.
You feel yourself slow down.
Things that are here:
a +0 dagger; a jackal corpse; a kobold corpse
c - a ring of magical power
d - a scroll labelled CEOMEF CIRPHOCH You see here a rat corpse.
You now have 8 gold pieces.
You feel yourself speed up.
Things that are here:
a +0 dagger; a goblin corpse You see here a jackal corpse.
Unknown command.
Unknown command.
Are you sure you want to abandon this character and quit the game? (Confirm with "yes".)

#.. #.# #.# #.#
###.####.#
####........#
#......######
#.##.### #.##.#
#.##.# #.##@##
######.....#
..........# #
#....###..## ..#
#.##.#.#†).#
....##.#....)...#
#......##.#†##..#
#........#..#
###.#.#.##..#


There were no monsters in sight!

Vanquished Creatures
  2 endoplasms (D:1)
  A goblin (D:1)
  A hobgoblin (D:1)
  4 jackals (D:1)
  A kobold (D:1)
  A rat (D:1)
10 creatures vanquished.

Notes
Turn   | Place    | Note
-------+----------+-------------------------------------------
     0 | D:1      | sammy202020 the Demonspawn Berserker began the quest for
                  | the Orb.
     0 | D:1      | Reached XP level 1. HP: 18/18 MP: 1/1
    58 | D:1      | Gained mutation: You regenerate magic rapidly. [demonic
                  | ancestry]
    58 | D:1      | Reached XP level 2. HP: 23/24 MP: 2/2
   109 | D:1      | Quit the game

Illustrated notes

Levels and vault maps discovered:
D:1:      wander_arrival_chamber, layout_loops_ring, st_stairs_7,
          minmay_pentomino_u4

Skill      XL: |  1 |
---------------+----+-----
Armour         | 2 |  2.0
Dodging        | 2 |  2.0
Fighting       | |  3.2
Maces & Flails | |  2.9

Action                   || total
-------------------------++-------
Melee: Mace              ||    21
Invok: Berserk           ||     1
Armor: Animal skin       ||     6
Dodge: Dodged            ||    22

Table legend: (Time is in decaauts)
 A = Elapsed time spent in this place.
 B = Non-inter-level travel time spent in this place.
 C = Inter-level travel time spent in this place.
 D = Time resting spent in this place.
 E = Time spent auto-exploring this place.
 F = Levels seen in this place.
 G = Mean time per level.
                   A        B        C        D        E       F      G
               +--------+--------+--------+--------+--------+-----+--------+
         Total |    127 |    127 |      0 |      0 |     30 |   1 |  127.0 |
       Dungeon |    127 |    127 |      0 |      0 |     30 |   1 |  127.0 |
               +--------+--------+--------+--------+--------+-----+--------+

Top non-repeatable levels by time:
     D:1: 127 daAuts
